 Dungeon Crawl Stone Soup version 0.21.3-3-g218456f21e (webtiles) character file.

215 MordorOrchid the Shield-Bearer (level 5, 0/47 HPs)
             Began as a Gnoll Fighter on June 30, 2020.
             Was a Follower of Qazlal.
             Slain by MordorOrchid's ghost (3 damage)
             ... on level 4 of the Dungeon.
             The game lasted 00:11:16 (1851 turns).

MordorOrchid the Shield-Bearer (Gnoll Fighter)      Turns: 1851, Time: 00:11:16

Health: 0/47       AC: 10    Str: 22    XL:     5   Next: 92%
Magic:  7/7        EV:  7    Int: 11    God:    Qazlal [*.....]
Gold:   217        SH: 12    Dex: 14    Spells: 7/7 levels left

rFire    . . .     SeeInvis .   a - +0 war axe
rCold    . . .     Gourm    .   c - +0 shield
rNeg     . . .     Faith    .   b - +0 scale mail
rPois    .         Spirit   .   (no helmet)
rElec    .         Reflect  .   (no cloak)
rCorr    .         Harm     .   E - +1 pair of gloves {Str+3}
MR       .....                  (no boots)
Stlth    ..........             (no amulet)
HPRegen  0.15/turn              z - ring of loudness (curse)
MPRegen  0.10/turn              y - -2 ring of evasion (curse)

@: no status effects
A: distributed training, fangs 1, strong nose
a: Renounce Religion


You were on level 4 of the Dungeon.
You worshipped Qazlal.
Qazlal was aware of your devotion.
You were not hungry.

You visited 1 branch of the dungeon, and saw 4 of its levels.

You collected 217 gold pieces.

Inventory:

Hand Weapons
 a - a +0 war axe (weapon)
Missiles
 k - 74 arrows
 p - 89 stones (quivered)
 w - 8 poisoned needles
 C - 13 bolts
Armour
 b - a +0 scale mail (worn)
 c - a +0 shield (worn)
 r - a +2 plate armour of fire resistance
 E - a +1 pair of gloves of strength (worn)
Jewellery
 g - an uncursed ring of protection from fire
 y - a cursed -2 ring of evasion (right hand)
 z - a cursed ring of loudness (left hand)
Scrolls
 l - a scroll of blinking {unknown}
 m - 4 scrolls of teleportation
 q - a scroll of enchant armour {unknown}
 t - a scroll of enchant weapon {unknown}
 v - 3 scrolls of amnesia
 B - 3 scrolls of remove curse {unknown}
 D - a scroll of noise {unknown}
Potions
 h - a potion of resistance {unknown}
 i - a potion of curing
 n - 2 potions of ambrosia
 o - a potion of cancellation {unknown}
 u - a potion of flight
 x - a potion of mutation
 A - a potion of experience {unknown}
Comestibles
 f - 5 rations


   Skills:
 + Level 6.7 Fighting
 + Level 1.6 Short Blades
 + Level 1.6 Long Blades
 + Level 4.8 Axes
 + Level 1.6 Maces & Flails
 + Level 1.6 Polearms
 + Level 1.6 Staves
 + Level 1.6 Slings
 + Level 1.6 Bows
 + Level 1.6 Crossbows
 + Level 1.6 Throwing
 + Level 6.7 Armour
 + Level 1.6 Dodging
 + Level 1.6 Stealth
 + Level 6.7 Shields
 + Level 1.6 Unarmed Combat
 + Level 1.6 Spellcasting
 + Level 1.3 Conjurations
 + Level 1.3 Hexes
 + Level 1.3 Charms
 + Level 1.3 Summonings
 + Level 1.3 Necromancy
 + Level 1.3 Translocations
 + Level 1.3 Transmutations
 + Level 1.3 Fire Magic
 + Level 1.3 Ice Magic
 + Level 1.3 Air Magic
 + Level 1.3 Earth Magic
 + Level 1.3 Poison Magic
 + Level 1.9 Invocations
 + Level 1.6 Evocations


You had 7 spell levels left.
You didn't know any spells.

Dungeon Overview and Level Annotations

Branches:
Dungeon (4/15)
 Temple: D:4-7

Altars:
Gozag
Qazlal
Ru
Sif Muna
Zin

Annotations:
D:3 Grinder
D:4 MordorOrchid's ghost, novice GnNe


Innate Abilities, Weirdness & Mutations

Your experience applies equally to all skills.
You have very sharp teeth.
Your uncanny sense of smell can sniff out nearby items.


Message History

Pain shoots through your body!
You closely miss MordorOrchid's ghost. Your bite misses MordorOrchid's ghost.
MordorOrchid's ghost is severely damaged.
MordorOrchid's ghost is infused with unholy energy.
MordorOrchid's ghost draws life force from you and is healed!
You hit MordorOrchid's ghost. Your bite misses MordorOrchid's ghost.
MordorOrchid's ghost is heavily damaged.
MordorOrchid's ghost says, "You can run, but you can't hide!"
MordorOrchid's ghost is infused with unholy energy.
* * * LOW HITPOINT WARNING * * *
MordorOrchid's ghost draws life force from you and is healed!
You feel better.
MordorOrchid's ghost says, "There is no future for me!"
MordorOrchid's ghost hits you.
* * * LOW HITPOINT WARNING * * *
MordorOrchid's ghost hits you!
* * * LOW HITPOINT WARNING * * *
MordorOrchid's ghost whispers, "It is all a dream - a grotesque and foolish dream."
MordorOrchid's ghost hits you.
You die...

∆ ##### ...# #.## .
##..#####...# ########
#####.....$...... #......#
#..@>.<.##...(...
#......####.W......#.#.#.#.
#................#...#.#
#......####.........##.##
#......# #......#......
#......# #......#....##
#####.### #......#.....#
#...######.##......#
###.........†.....##


You could see MordorOrchid's ghost.

Vanquished Creatures
  Natasha (D:3)
  A worker ant (D:4)
  Robin (D:3)
  5 adders
  An ooze (D:3)
  3 worms (D:2)
  2 dart slugs
  4 leopard geckos
  An orc (D:3)
  8 bats
  5 giant cockroaches
  16 goblins
  9 hobgoblins
  6 jackals (D:2)
  10 kobolds
  2 quokkas (D:4)
  A ball python (D:3)
  3 frilled lizards
  11 rats
  A plant (D:1)
91 creatures vanquished.

Notes
Turn   | Place    | Note
-------+----------+-------------------------------------------
     0 | D:1      | MordorOrchid the Gnoll Fighter began the quest for the Orb.
     0 | D:1      | Reached XP level 1. HP: 23/23 MP: 1/1
   181 | D:1      | Reached XP level 2. HP: 27/29 MP: 2/2
   410 | D:1      | Reached XP level 3. HP: 35/35 MP: 3/3
   472 | D:2      | Reached skill level 1 in Invocations
   604 | D:2      | Reached skill level 1 in Short Blades
   604 | D:2      | Reached skill level 1 in Long Blades
   604 | D:2      | Reached skill level 1 in Maces & Flails
   604 | D:2      | Reached skill level 1 in Polearms
   604 | D:2      | Reached skill level 1 in Staves
   604 | D:2      | Reached skill level 1 in Slings
   604 | D:2      | Reached skill level 1 in Bows
   604 | D:2      | Reached skill level 1 in Crossbows
   604 | D:2      | Reached skill level 1 in Throwing
   604 | D:2      | Reached skill level 1 in Dodging
   604 | D:2      | Reached skill level 1 in Stealth
   604 | D:2      | Reached skill level 1 in Unarmed Combat
   604 | D:2      | Reached skill level 1 in Spellcasting
   604 | D:2      | Reached skill level 1 in Evocations
   609 | D:2      | Reached XP level 4. HP: 41/41 MP: 5/5
   621 | D:2      | Found a glowing silver altar of Zin.
   621 | D:2      | Found an opulent altar of Gozag.
   840 | D:2      | Reached skill level 1 in Conjurations
   840 | D:2      | Reached skill level 1 in Hexes
   840 | D:2      | Reached skill level 1 in Charms
   840 | D:2      | Reached skill level 1 in Summonings
   840 | D:2      | Reached skill level 1 in Necromancy
   840 | D:2      | Reached skill level 1 in Translocations
   840 | D:2      | Reached skill level 1 in Transmutations
   840 | D:2      | Reached skill level 1 in Fire Magic
   840 | D:2      | Reached skill level 1 in Ice Magic
   840 | D:2      | Reached skill level 1 in Air Magic
   840 | D:2      | Reached skill level 1 in Earth Magic
   840 | D:2      | Reached skill level 1 in Poison Magic
  1135 | D:3      | Found a stormy altar of Qazlal.
  1152 | D:3      | Became a worshipper of Qazlal Stormbringer
  1168 | D:3      | Found a sacrificial altar of Ru.
  1330 | D:3      | Reached XP level 5. HP: 35/47 MP: 6/6
  1373 | D:3      | Noticed Robin
  1389 | D:3      | Killed Robin
  1394 | D:3      | Noticed Natasha
  1399 | D:3      | Killed Natasha
  1424 | D:3      | Noticed Grinder
  1608 | D:4      | Found a deep blue altar of Sif Muna.
  1627 | D:4      | Reached * piety under Qazlal
  1814 | D:4      | Noticed MordorOrchid's ghost (novice GnNe)
  1849 | D:4      | HP: 2/47 [MordorOrchid's ghost (10)]
  1851 | D:4      | Slain by MordorOrchid's ghost

Skill      XL: |  1  2  3  4 |
---------------+-------------+-----
Invocations    | 1 |  1.9
Short Blades   | 1 |  1.6
Long Blades    | 1 |  1.6
Maces & Flails | 1 |  1.6
Polearms       | 1 |  1.6
Staves         | 1 |  1.6
Slings         | 1 |  1.6
Bows           | 1 |  1.6
Crossbows      | 1 |  1.6
Throwing       | 1 |  1.6
Dodging        | 1 |  1.6
Stealth        | 1 |  1.6
Unarmed Combat | 1 |  1.6
Spellcasting   | 1 |  1.6
Evocations     | 1 |  1.6
Conjurations   | 1 |  1.3
Hexes          | 1 |  1.3
Charms         | 1 |  1.3
Summonings     | 1 |  1.3
Necromancy     | 1 |  1.3
Translocations | 1 |  1.3
Transmutations | 1 |  1.3
Fire Magic     | 1 |  1.3
Ice Magic      | 1 |  1.3
Air Magic      | 1 |  1.3
Earth Magic    | 1 |  1.3
Poison Magic   | 1 |  1.3
Fighting       | |  6.7
Axes           | |  4.8
Armour         | |  6.7
Shields        | |  6.7

Action                   |  1- 3 |  4- 6 || total
-------------------------+-------+-------++-------
Melee: War axe           |    70 |   133 ||   203
       Bite              |     7 |    12 ||    19
Evoke: Wand              |       |     2 ||     2
  Use: Scroll            |     1 |     5 ||     6
       Potion            |       |     4 ||     4
  Eat: Chunk             |       |     3 ||     3
Armor: Scale mail        |    23 |    51 ||    74
Dodge: Dodged            |    21 |    40 ||    61
Block: Shield            |    40 |    47 ||    87
